 Dungeon Crawl Stone Soup version 0.30-a0-585-g93115170b9 (webtiles) character file.

Game seed: 9528699717834923824

2416 Newt the Magician (level 9, -1/60 HPs)
             Began as a Demonspawn Gladiator on Jan 2, 2023.
             Was a Follower of Hepliaklqana.
             Killed from afar by a steam dragon (22 damage)
             ... with a ball of steam
             ... on level 7 of the Dungeon.
             The game lasted 00:09:23 (7540 turns).

Newt the Magician (Demonspawn Gladiator)            Turns: 7540, Time: 00:09:24

Health: -1/60      AC:  6    Str: 18    XL:     9   Next: 23%
Magic:  19/19      EV: 13    Int: 16    God:    Hepliaklqana [*.....]
Gold:   350        SH:  0    Dex: 15    Spells: 20/22 levels left

rFire   . . .      SeeInvis .    a - +1 whip (venom)
rCold   + . .      Faith    .    (no shield)
rNeg    . . .      Spirit   .    B - +0 leather armour
rPois   .          Reflect  .    c - +0 helmet
rElec   .          Harm     .    y - scarf {+Inv}
rCorr   .          Rampage  .    (no gloves)
Will    ++...                    i - +1 pair of boots
Stlth   ++                       n - amulet of Jygutiod {RegenMP rF- rC+ Will++ Slay+2}
HPRegen 0.30/turn                u - ring of protection from fire
MPRegen 0.56/turn                s - +6 ring of intelligence

@: no status effects
A: reduced essence, ignite blood 2, demonic touch 2
a: Renounce Religion, Evoke Invisibility, Recall Ancestor, Ancestor Identity


You were on level 7 of the Dungeon.
You worshipped Hepliaklqana.
Hepliaklqana was aware of your devotion.
You visited 2 branches of the dungeon, and saw 8 of its levels.
You also visited: Ossuary.

You collected 350 gold pieces.

Inventory:

Hand Weapons
 a - a +1 whip of venom (weapon)
 b - a +0 whip of electrocution
 f - a +0 rapier
 A - a +4 whip
 O - a +0 battleaxe
Missiles
 d - 3 throwing nets
 e - a javelin
 z - 2 atropa-tipped darts
 F - 3 poisoned darts
 P - 2 boomerangs
Armour
 c - a +0 helmet (worn)
 i - a +1 pair of boots (worn)
 y - a scarf of invisibility (worn)
 B - a +0 leather armour (worn)
Jewellery
 h - an amulet of regeneration
 n - the amulet of Jygutiod (around neck) {RegenMP rF- rC+ Will++ Slay+2}
   (You acquired it on level 5 of the Dungeon)

   [amulet of magic regeneration]

   It increases your rate of magic regeneration.
   Slay:      It affects your accuracy & damage with ranged weapons and melee
   (+2).
   rF:        It makes you vulnerable to fire.
   rC:        It protects you from cold.
   Will:      It greatly increases your willpower.
 s - a +6 ring of intelligence (right hand)
 u - a ring of protection from fire (left hand)
Wands
 M - a wand of quicksilver (5)
Scrolls
 g - 2 scrolls of torment
 j - a scroll of summoning
 l - a scroll of immolation
 m - 3 scrolls of enchant weapon
 q - a scroll of fog
 r - 2 scrolls of vulnerability
 v - 3 scrolls of teleportation
 I - a scroll of magic mapping
 J - a scroll of identify
 K - a scroll of brand weapon {unknown}
 L - a scroll of fear {unknown}
 N - 3 scrolls of enchant armour
Potions
 k - 2 potions of heal wounds
 o - a potion of berserk rage
 p - 2 potions of lignification
 t - 4 potions of curing
 w - 2 potions of magic
 x - 2 potions of attraction
 C - a potion of invisibility
 D - a potion of might {unknown}
 E - a potion of cancellation {unknown}
 G - a potion of flight {unknown}
 H - a potion of haste {unknown}


   Skills:
 + Level 4.8 Fighting
 - Level 2.6 Short Blades
 - Level 3.0 Maces & Flails
 - Level 1.7 Throwing
 - Level 3.0 Armour
 - Level 4.0 Dodging
 - Level 2.0 Stealth
 - Level 7.1 Spellcasting
 - Level 5.0 Transmutations


You had 20 spell levels left.
You knew the following spells:

 Your Spells              Type           Power      Damage    Failure   Level
a - Wereblood             Tmut           21%        N/A       2%          2

Your spell library contained the following spells:

 Spells                   Type           Power      Damage    Failure   Level
 Beastly Appendage        Tmut           42%        N/A       1%          1
 Spider Form              Tmut/Pois      13%        N/A       16%         3
 Vhi's Electric Charge    Tloc/Air       10%        N/A       41%         3
 Arcjolt                  Conj/Air       2%         1d12      99%         5
 Maxwell's Capacitive Co  Air            2%         ∞         100%        8


Dungeon Overview and Level Annotations

Branches:
Dungeon (7/15)             Temple (1/1) D:5         Ossuary (visited)

Altars:
Ashenzari
Cheibriados
Dithmenos
Fedhas
Gozag
Hepliaklqana
Kikubaaqudgha
Makhleb
Nemelex Xobeh
Qazlal
Ru
Trog
Vehumet
Wu Jian
Xom
Yredelemnul

Shops:
D:4 (   D:5 *


Innate Abilities, Weirdness & Mutations

Your life essence is reduced to manifest your ancestor. (-10% HP)
Your demonic aura often causes spilled blood to erupt in flames.
Your touch may inflict irresistible damage on your foes.


Message History

You whack the steam dragon!
The steam dragon is poisoned.
The steam dragon is heavily wounded.
You howl as the wereblood boils in your veins!
Your primal bloodlust has ended.
The steam dragon bites you but does no damage.
The steam dragon closely misses you.
You hit the steam dragon.
The steam dragon looks as sick as possible!
The steam dragon is severely wounded.
The steam dragon breathes steam at you. The ball of steam hits you!!
The ball of steam hits Shunnar.
Shunnar resists.
You hit the steam dragon but do no damage.
The steam dragon looks as sick as possible!
You touch the steam dragon!
You kill the steam dragon!
The steam dragon scales are intact enough to wear.
Ancestor HP restored.
Things that are here:
+0 steam dragon scales; a steam dragon corpse A steam dragon comes into view.
The steam dragon hisses angrily.
The steam dragon breathes steam at you. The ball of steam hits you!
The ball of steam hits Shunnar.
Shunnar resists.
No target in view!
You are engulfed in a cloud of scalding steam.
You are engulfed in a cloud of scalding steam.
You hit the steam dragon.
The steam dragon is poisoned.
The steam dragon is lightly wounded.
You are engulfed in a cloud of scalding steam.
The steam dragon breathes steam at you. The ball of steam hits you!
You hit the steam dragon but do no damage.
The steam dragon looks as sick as possible!
The steam dragon is lightly wounded.
Shunnar closely misses the steam dragon.
The steam dragon breathes steam at you. The ball of steam hits you!!
You die...

### #.. #.# #.#
#.###D###.#
#....R@...#
#####.##### #§####
##+# #....#
##...## ####.#
##.....## ##.##
##.......#
##...####.........
#.......+........[
##...####...).....


You could see the friendly Shunnar the ancestor and a steam dragon (extremely
poisoned, catching breath, ally target).

Vanquished Creatures
  Pikel (D:5)
  Eustachio (D:5)
  A steam dragon (D:7)
  2 water moccasins (D:5)
  2 ice beasts
  A black bear (D:4)
  A centaur (D:7)
  2 lemures (D:5)
  A phantom (D:5)
  A necrophage (D:6)
  2 scorpions
  A killer bee (D:7)
  4 hounds
  3 jellies
  An orc priest (D:7)
  3 iguanas
  3 orc wizards
  2 mummies
  7 adders
  3 ufetubi
  3 dart slugs
  15 orcs
  3 spectral bats (Ossuary)
  10 ball pythons
  8 endoplasms
  4 giant cockroaches
  12 gnoll zombies (Ossuary)
  3 goblins
  8 hobgoblins
  6 jackals
  2 quokkas (D:1)
  5 bats
  5 bat simulacra (Ossuary)
  3 frilled lizards
  2 goblin simulacra (Ossuary)
  5 goblin zombies
  7 hobgoblin zombies (Ossuary)
  6 kobolds
  A kobold simulacrum (Ossuary)
  3 kobold zombies
  5 orc zombies (Ossuary)
  5 rats
  2 rat simulacra (Ossuary)
  7 spectral kobolds (Ossuary)
  5 spectral rats (Ossuary)
177 creatures vanquished.

Vanquished Creatures (collateral kills)
  5 killer bees (D:7)
5 creatures vanquished.

Vanquished Creatures (others)
  An ancestor (D:7)
1 creature vanquished.

Grand Total: 183 creatures vanquished

Notes
Turn   | Place    | Note
-------+----------+-------------------------------------------
     0 | D:1      | Newt the Demonspawn Gladiator began the quest for the Orb.
     0 | D:1      | Reached XP level 1. HP: 16/16 MP: 1/1
    19 | D:1      | Reached skill level 1 in Stealth
    68 | D:1      | Gained mutation: Your demonic aura sometimes causes spilled
                  | blood to erupt in flames. [demonic ancestry]
    68 | D:1      | Reached XP level 2. HP: 9/22 MP: 2/2
   796 | D:1      | Reached XP level 3. HP: 28/28 MP: 3/3
  1389 | D:2      | Reached XP level 4. HP: 34/37 MP: 4/4
  1677 | D:3      | Found a snail-covered altar of Cheibriados.
  1750 | D:3      | Found a faded altar of an unknown god.
  1865 | D:3      | Found a shimmering altar of Xom.
  1902 | D:3      | Found a blossoming altar of Fedhas.
  2165 | D:3      | Gained mutation: Your demonic aura often causes spilled
                  | blood to erupt in flames. [demonic ancestry]
  2165 | D:3      | Reached XP level 5. HP: 36/42 MP: 5/5
  2423 | D:3      | You fall into a shaft and drop 1 floor!
  2423 | D:4      | Found a broken altar of Ashenzari.
  2590 | D:3      | Learned a level 2 spell: Wereblood
  2746 | D:4      | Reached skill level 1 in Spellcasting
  2746 | D:4      | Reached skill level 1 in Transmutations
  2778 | D:4      | Noticed a black bear
  2790 | D:4      | Killed a black bear
  2791 | D:4      | Reached skill level 2 in Spellcasting
  2791 | D:4      | Reached XP level 6. HP: 36/48 MP: 6/9
  2889 | D:4      | Found Jumubb's Antique Weapon Emporium.
  3101 | D:4      | Found a burning altar of Makhleb.
  3526 | D:5      | Entered Level 5 of the Dungeon
  3552 | D:5      | Noticed Pikel
  3562 | D:5      | Identified a scroll of acquirement
  3562 | D:5      | Acquired the amulet of Jygutiod {RegenMP rF- rC+ Will++
                  | Slay+2}
  3580 | D:5      | Identified the +6 short sword of a Labyrinth {protect, Fly
                  | rCorr Dex-5}
  3678 | D:5      | Killed Pikel
  3679 | D:5      | Reached skill level 3 in Spellcasting
  3679 | D:5      | Reached XP level 7. HP: 33/54 MP: 9/11
  3701 | D:5      | Found a sand-covered staircase.
  3708 | D:5      | HP: 1/54 [mummy (15)]
  3715 | Ossuary  | Entered an ossuary
  4294 | D:5      | Found Xiloutie's Serpentskin Sales.
  4306 | D:5      | Gained mutation: Your touch may inflict minor irresistible
                  | damage on your foes. [demonic ancestry]
  4306 | D:5      | Reached XP level 8. HP: 49/58 MP: 12/12
  4434 | D:5      | Reached skill level 5 in Transmutations
  4697 | D:5      | Reached skill level 4 in Spellcasting
  4928 | D:5      | Found a staircase to the Ecumenical Temple.
  4940 | Temple   | Entered the Ecumenical Temple
  5169 | Temple   | Became a worshipper of Hepliaklqana the Forgotten
  5246 | D:5      | Noticed Eustachio
  5252 | D:5      | Killed Eustachio
  5253 | D:5      | Reached skill level 5 in Spellcasting
  5575 | D:6      | Reached skill level 6 in Spellcasting
  6134 | D:7      | Reached * piety under Hepliaklqana
  6300 | D:7      | Gained mutation: Your touch may inflict irresistible damage
                  | on your foes. [demonic ancestry]
  6300 | D:7      | Reached XP level 9. HP: 14/58 MP: 18/18
  7042 | D:7      | Reached skill level 7 in Spellcasting
  7540 | D:7      | Killed from afar by a steam dragon

Illustrated notes

Levels and vault maps discovered:
D:1:      nicolae_arrival_memento_mori, layout_basic
D:2:      wander_river, layout_rooms, minmay_unequal
D:3:      layout_basic, dk_xom_monty_hall, fedhas_altar_fruit_tree,
          tso_metal_star, overflow_temple_1_default, basic_ecumenical_altar
D:4:      layout_gridville, general_overflow_altar, makhleb_blood_cavern_becter,
          st_stairs_12, nicolae_inconvenience_store
D:5:      layout_rooms, minmay_temple_entry_stoned_glass,
          nicolae_ossuary_entry_giza, guppyfry_shop_venom, uniq_eustachio,
          uniq_pikel
D:6:      layout_basic
D:7:      layout_loops_corners
Temple:   minmay_temple_curvy_branch

Skill      XL: |  1  2  3  4  5  6  7  8  9 |
---------------+----------------------------+-----
Stealth        | 1 2 |  2.0
Fighting       | 3 4 |  4.8
Dodging        | 3 4 |  4.0
Spellcasting   | 2 3 6 7 |  7.1
Transmutations | 2 3 5 |  5.0
Maces & Flails | 3 |  3.0
Armour         | 2 3 |  3.0
Short Blades   | |  2.6
Throwing       | |  1.7

Action                   |  1- 3 |  4- 6 |  7- 9 || total
-------------------------+-------+-------+-------++-------
Melee: Rapier            |    13 |       |       ||    13
       Whip              |   109 |   152 |   258 ||   519
       Punch             |       |     1 |     3 ||     4
       Touch             |       |       |    26 ||    26
Throw: Dart              |       |     3 |     1 ||     4
       Javelin           |       |       |     1 ||     1
 Cast: Wereblood         |       |       |     2 ||     2
 Abil: Evoke Invisibilit |       |       |     1 ||     1
  Use: Scroll            |     4 |    10 |     3 ||    17
       Potion            |     1 |       |     4 ||     5
 Stab: Sleeping          |     4 |     4 |     7 ||    15
       Distracted        |       |     1 |       ||     1
       Invisible         |       |       |     1 ||     1
Armor: Leather armour    |    37 |    64 |    78 ||   179
Dodge: Dodged            |    86 |   130 |   162 ||   378

Table legend: (Time is in decaauts)
 A = Elapsed time spent in this place.
 B = Non-inter-level travel time spent in this place.
 C = Inter-level travel time spent in this place.
 D = Time resting spent in this place.
 E = Time spent auto-exploring this place.
 F = Levels seen in this place.
 G = Mean time per level.
                   A        B        C        D        E       F      G
               +--------+--------+--------+--------+--------+-----+--------+
         Total |   7561 |   7341 |    220 |   1723 |   4389 |   9 |  840.1 |
       Dungeon |   6771 |   6582 |    189 |   1550 |   3988 |   7 |  967.3 |
        Temple |    251 |    221 |     30 |      0 |    219 |   1 |  251.0 |
       Ossuary |    538 |    538 |      0 |    173 |    182 |   1 |  538.0 |
               +--------+--------+--------+--------+--------+-----+--------+

Top non-repeatable levels by time:
     D:7: 1497 daAuts
     D:1: 1072 daAuts
     D:3: 1036 daAuts
     D:5: 957 daAuts
     D:4: 875 daAuts
     D:6: 757 daAuts
     D:2: 575 daAuts
 Ossuary: 538 daAuts
  Temple: 251 daAuts
